 Dungeon Crawl Stone Soup version 0.21-a0-498-g1b60429 (webtiles) character file.

78 tidbits the Digger (level 4, 32/32 HPs)
             Began as a Gnoll Earth Elementalist on Nov 24, 2017.
             Was a Follower of Makhleb.
             Quit the game on level 2 of the Dungeon.
             The game lasted 00:03:31 (564 turns).

tidbits the Digger (Gnoll Earth Elementalist)        Turns: 564, Time: 00:03:32

Health: 32/32      AC:  2    Str: 10    XL:     4   Next: 36%
Magic:  9/11       EV: 15    Int: 18    God:    Makhleb [*.....]
Gold:   139        SH:  0    Dex: 16    Spells: 7/13 levels left

rFire    . . .     SeeInvis .   a - +0 dagger
rCold    . . .     Gourm    .   (no shield)
rNeg     + . .     Faith    .   c - +0 robe
rPois    .         Spirit   .   (no helmet)
rElec    .         Reflect  .   (no cloak)
rCorr    .         Harm     .   (no gloves)
MR       .....                  (no boots)
Stlth    +++.......             (no amulet)
HPRegen  0.10/turn              i - ring of positive energy
MPRegen  0.12/turn              (no ring)

@: no status effects
A: distributed training, fangs 1, strong nose
a: Renounce Religion


You were on level 2 of the Dungeon.
You worshipped Makhleb.
Makhleb was aware of your devotion.
You were not hungry.

You visited 1 branch of the dungeon, and saw 2 of its levels.

You collected 139 gold pieces.

Inventory:

Hand Weapons
 a - a +0 dagger (weapon)
Missiles
 b - 69 stones (quivered)
 g - 36 arrows
 h - 16 bolts
Armour
 c - a +0 robe (worn)
Jewellery
 i - a ring of positive energy (left hand)
   (You found it on level 1 of the Dungeon)
Scrolls
 f - 2 scrolls of teleportation {unknown}
 j - a scroll of blinking {unknown}
 k - a scroll of magic mapping {unknown}
 l - 3 scrolls of enchant armour {unknown}
 o - a scroll of noise {unknown}
 r - 2 scrolls of identify {unknown}
 u - a scroll of remove curse {unknown}
Potions
 n - a potion of magic {unknown}
 p - a potion of flight {unknown}
 s - 3 potions of might {unknown}
 t - a potion of resistance {unknown}
Books
 e - a book of Geomancy

   Spells                             Type                      Level
   a - Sandblast                      Earth                        1
   b - Passwall                       Transmutation/Earth          2
   c - Stone Arrow                    Conjuration/Earth            3
   d - Petrify                        Transmutation/Earth          4
   e - Lee's Rapid Deconstruction     Earth                        5
Comestibles
 d - 2 bread rations
 m - a meat ration
 q - a royal jelly


   Skills:
 + Level 1.1 Fighting
 + Level 1.1 Short Blades
 + Level 1.1 Long Blades
 + Level 1.1 Axes
 + Level 1.1 Maces & Flails
 + Level 1.1 Polearms
 + Level 1.1 Staves
 + Level 1.1 Slings
 + Level 1.1 Bows
 + Level 1.1 Crossbows
 + Level 1.1 Throwing
 + Level 1.1 Armour
 + Level 4.6 Dodging
 + Level 4.2 Stealth
 + Level 1.1 Shields
 + Level 1.1 Unarmed Combat
 + Level 5.0 Spellcasting
 + Level 0.8 Conjurations
 + Level 0.8 Hexes
 + Level 0.8 Charms
 + Level 0.8 Summonings
 + Level 0.8 Necromancy
 + Level 0.8 Translocations
 + Level 2.2 Transmutations
 + Level 0.8 Fire Magic
 + Level 0.8 Ice Magic
 + Level 0.8 Air Magic
 + Level 5.4 Earth Magic
 + Level 0.8 Poison Magic
 + Level 1.2 Invocations
 + Level 1.1 Evocations


You had 7 spell levels left.
You knew the following spells:

 Your Spells              Type           Power        Failure   Level  Hunger
a - Sandblast             Erth           ###...       1%          1    None
g - Stone Arrow           Conj/Erth      ###...       11%         3    ##.....
w - Passwall              Tmut/Erth      ###.......   4%          2    #......


Dungeon Overview and Level Annotations

Branches:
Dungeon (2/15)

Altars:
Makhleb


Innate Abilities, Weirdness & Mutations

Your experience applies equally to all skills.
You have very sharp teeth.
Your uncanny sense of smell can sniff out nearby items.


Message History

The giant cockroach bites you but does no damage.
Found 11 gold pieces.
Casting: Sandblast
Confirm with . or Enter, or press ? or * to list all spells.
Aiming: Sandblast
Press: ? - help, Shift-Dir - straight line, f - giant cockroach
Aim: a giant cockroach The blast of sand hits the giant cockroach.
You kill the giant cockroach!
Makhleb accepts your kill.
b - 55 stones The goblin unwields an uncursed club.
The goblin wields a hunting sling.
The goblin shoots a stone.
The stone hits you.
You see here a stone.
Casting: Sandblast
Confirm with . or Enter, or press ? or * to list all spells.
You can't see any susceptible monsters within range! (Use Z to cast anyway.)
Casting: Sandblast
Confirm with . or Enter, or press ? or * to list all spells.
You can't see any susceptible monsters within range! (Use Z to cast anyway.)
The goblin shoots a stone.
The stone misses you.
Casting: Sandblast
Confirm with . or Enter, or press ? or * to list all spells.
Aiming: Sandblast
Press: ? - help, Shift-Dir - straight line, f - rat
Aim: a rat The blast of sand hits the rat.
You kill the rat!
Makhleb accepts your kill.
b - 54 stones The goblin shoots a stone.
The stone misses you.
Casting: Sandblast
Confirm with . or Enter, or press ? or * to list all spells.
Aiming: Sandblast
Press: ? - help, Shift-Dir - straight line, f - goblin
Aim: a goblin, wielding a hunting sling The blast of sand hits the goblin.
You kill the goblin!
Makhleb accepts your kill.
b - 53 stones
Casting: Sandblast
Confirm with . or Enter, or press ? or * to list all spells.
You can't see any susceptible monsters within range! (Use Z to cast anyway.)
Casting: Sandblast
Confirm with . or Enter, or press ? or * to list all spells.
You can't see any susceptible monsters within range! (Use Z to cast anyway.)
Casting: Sandblast
Confirm with . or Enter, or press ? or * to list all spells.
You can't see any susceptible monsters within range! (Use Z to cast anyway.)
b - 54 stones (gained 1)
b - 73 stones (gained 19)
Things that are here:
a hunting sling; an uncursed club; a goblin corpse
d - 2 bread rations (gained 1)
Found a scroll labeled TAEMPE ADOCS.
You now have 128 gold pieces (gained 11).
u - a scroll labeled TAEMPE ADOCS A worm comes into view.
Casting: Sandblast
Confirm with . or Enter, or press ? or * to list all spells.
Aiming: Sandblast
Press: ? - help, Shift-Dir - straight line, f - worm
Aim: a worm The blast of sand misses the worm.
b - 72 stones
Casting: Sandblast
Confirm with . or Enter, or press ? or * to list all spells.
Aiming: Sandblast
Press: ? - help, Shift-Dir - straight line, f/p - worm
Aim: a worm The blast of sand hits the worm.
The worm is lightly wounded.
b - 71 stones
Casting: Sandblast
Confirm with . or Enter, or press ? or * to list all spells.
Aiming: Sandblast
Press: ? - help, Shift-Dir - straight line, f/p - worm
Aim: a worm (lightly wounded)
The blast of sand hits the worm.
The worm is heavily wounded.
b - 70 stones The worm bites you.
Casting: Sandblast
Confirm with . or Enter, or press ? or * to list all spells.
Aiming: Sandblast
Press: ? - help, Shift-Dir - straight line, f/p - worm
Aim: a worm (heavily wounded)
The blast of sand hits the worm.
You kill the worm!
Makhleb accepts your kill.
You can now gain health from killing.
b - 69 stones
Casting: Sandblast
Confirm with . or Enter, or press ? or * to list all spells.
You can't see any susceptible monsters within range! (Use Z to cast anyway.)
Casting: Sandblast
Confirm with . or Enter, or press ? or * to list all spells.
You can't see any susceptible monsters within range! (Use Z to cast anyway.)
Found 11 gold pieces.
You now have 139 gold pieces (gained 11).
Are you sure you want to abandon this character and quit the game? (Confirm with "yes".)

... # ....#####.#
#.#. #.### #.# .#
# #.. #.# # #.#
#### #.# #.# #...
# #.# #.# #... #
#.# #.# #... #
##.#### #.# ##..
#..@..# #.# ###
#.....# #.# #
#.....# #.# ##
#..#### #.#####.
∆ #..####
##.....#.
##+##∩##
##...##.#. #._.##
#....##.##
#..†.###...###.##
##...##..........


There were no monsters in sight!

Vanquished Creatures
  A hound (D:2)
  An adder (D:2)
  2 worms (D:2)
  A dart slug (D:1)
  4 leopard geckos
  A ball python (D:2)
  4 bats (D:1)
  2 giant cockroaches (D:2)
  A goblin (D:2)
  3 hobgoblins (D:1)
  3 kobolds
  6 rats
29 creatures vanquished.

Notes
Turn   | Place    | Note
-------+----------+-------------------------------------------
     0 | D:1      | tidbits the Gnoll Earth Elementalist began the quest for the Orb.
     0 | D:1      | Reached XP level 1. HP: 13/13 MP: 6/6
   117 | D:2      | Reached skill level 2 in Transmutations
   119 | D:2      | Reached XP level 2. HP: 19/20 MP: 1/7
   123 | D:2      | Learned a level 2 spell: Passwall
   176 | D:2      | Found a burning altar of Makhleb.
   178 | D:2      | Reached skill level 5 in Spellcasting
   178 | D:2      | Reached skill level 1 in Invocations
   178 | D:2      | Reached XP level 3. HP: 25/25 MP: 3/9
   184 | D:2      | Became a worshipper of Makhleb the Destroyer
   224 | D:1      | Reached skill level 1 in Fighting
   224 | D:1      | Reached skill level 1 in Short Blades
   224 | D:1      | Reached skill level 1 in Long Blades
   224 | D:1      | Reached skill level 1 in Axes
   224 | D:1      | Reached skill level 1 in Maces & Flails
   224 | D:1      | Reached skill level 1 in Polearms
   224 | D:1      | Reached skill level 1 in Staves
   224 | D:1      | Reached skill level 1 in Slings
   224 | D:1      | Reached skill level 1 in Bows
   224 | D:1      | Reached skill level 1 in Crossbows
   224 | D:1      | Reached skill level 1 in Throwing
   224 | D:1      | Reached skill level 1 in Armour
   224 | D:1      | Reached skill level 1 in Shields
   224 | D:1      | Reached skill level 1 in Unarmed Combat
   224 | D:1      | Reached skill level 1 in Evocations
   256 | D:1      | Reached XP level 4. HP: 26/32 MP: 2/11
   358 | D:1      | Learned a level 3 spell: Stone Arrow
   550 | D:2      | Reached * piety under Makhleb
   564 | D:2      | Quit the game

Vault maps used:
D:1:      mainiacjoe_arrival_reflecting_pool, minmay_tetromino_o2
D:2:      gammafunk_temple_overflow_pools, kennysheep_nondescript,
          makhleb_blood_cavern_becter

Skill      XL: |  1  2  3 |
---------------+----------+-----
Transmutations | 2 |  2.2
Spellcasting   | 5 |  5.0
Invocations    | 1 |  1.2
Fighting       | 1 |  1.1
Short Blades   | 1 |  1.1
Long Blades    | 1 |  1.1
Axes           | 1 |  1.1
Maces & Flails | 1 |  1.1
Polearms       | 1 |  1.1
Staves         | 1 |  1.1
Slings         | 1 |  1.1
Bows           | 1 |  1.1
Crossbows      | 1 |  1.1
Throwing       | 1 |  1.1
Armour         | 1 |  1.1
Shields        | 1 |  1.1
Unarmed Combat | 1 |  1.1
Evocations     | 1 |  1.1
Dodging        | |  4.6
Stealth        | |  4.2
Conjurations   | |  0.8
Hexes          | |  0.8
Charms         | |  0.8
Summonings     | |  0.8
Necromancy     | |  0.8
Translocations | |  0.8
Fire Magic     | |  0.8
Ice Magic      | |  0.8
Air Magic      | |  0.8
Earth Magic    | |  5.4
Poison Magic   | |  0.8

Action                   |  1- 3 |  4- 6 || total
-------------------------+-------+-------++-------
Melee: Dagger            |     1 |    12 ||    13
       Bite              |       |     2 ||     2
 Cast: Sandblast         |    18 |    23 ||    41
 Stab: Sleeping          |     1 |       ||     1
Armor: Robe              |     2 |     6 ||     8
Dodge: Dodged            |     6 |    26 ||    32

Table legend:
 A = Spawn XP
 B = Non-spawn XP
 C = Spawn XP percentage of total XP
 D = Spawn monster count
 E = Non-spawn monster count
 F = Spawn count percentage of total count
 G = Total turns spent on level
                    A         B        C        D         E        F      G
               +---------+---------+-------+---------+---------+-------+---------
         Total |       0 |     112 |   0.0 |       0 |      29 |   0.0 |   564
               +---------+---------+-------+---------+---------+-------+---------
           D:1 |       0 |      26 |   0.0 |       0 |      15 |   0.0 |   247
           D:2 |       0 |      86 |   0.0 |       0 |      14 |   0.0 |   317
               +---------+---------+-------+---------+---------+-------+---------

Table legend:
 A = Turns spent in this place as a percentage of turns spent in the entire game.
 B = Non-inter-level travel turns spent in this place as a percentage of non-inter-level travel turns spent in the entire game.
 C = Inter-level travel turns spent in this place as a percentage of turns spent in this place.
 D = Turns resting spent in this place as a percentage of non-inter-level travel turns spent in this place.
 E = Turns spent auto-exploring this place as a percentage of non-inter-level travel turns spent in this place.
 F = Non-inter-level travel turns spent in this place divided by the number of levels of this place that you've seen.
                   A       B       C       D       E      F
               +-------+-------+-------+-------+-------+----------------------
         Total | 100.0 | 100.0 |   0.0 |   0.0 |   0.5 | 282.0
       Dungeon | 100.0 | 100.0 |   0.0 |   0.0 |   0.5 | 282.0
               +-------+-------+-------+-------+-------+----------------------

Table legend:
 A = Kills in this place as a percentage of kills in entire the game.
 B = Kills by you in this place as a percentage of kills by you in the entire game.
 C = Kills by friends in this place as a percentage of kills by friends in the entire game.
 D = Other kills in this place as a percentage of other kills in the entire game.
 E = Experience gained in this place as a percentage of experience gained in the entire game.
 F = Experience gained in this place divided by the number of levels of this place that you have seen.
                   A       B       C       D       E      F
               +-------+-------+-------+-------+-------+----------------------
         Total | 100.0 | 100.0 |   N/A |   N/A | 100.0 |  56.0
       Dungeon | 100.0 | 100.0 |   N/A |   N/A | 100.0 |  56.0
               +-------+-------+-------+-------+-------+----------------------

Vault maps used:
D:1:      mainiacjoe_arrival_reflecting_pool, minmay_tetromino_o2
D:2:      gammafunk_temple_overflow_pools, kennysheep_nondescript,
          makhleb_blood_cavern_becter
